 Dungeon Crawl Stone Soup version 0.31-a0-986-g5e6e4ef867 (webtiles) character file.

Game seed: 10314503519501174761

8 wildpjah the Sneak (level 2, 15/15 HPs)
             Began as a Tengu Enchanter on Nov 18, 2023.
             Quit the game on level 2 of the Dungeon.
             The game lasted 00:02:10 (541 turns).

wildpjah the Sneak (Tengu Enchanter)                 Turns: 541, Time: 00:02:10

Health: 15/15      AC:  2    Str:  8    XL:     2   Next: 8%
Magic:  6/6        EV: 27    Int: 15    God:
Gold:   24         SH:  0    Dex: 14    Spells: 3/5 levels left

rFire   . . .        a - +1 dagger
rCold   . . .        (no shield)
rNeg    . . .        b - +0 robe
rPois   .            (helmet restricted)
rElec   .            (no cloak)
rCorr   .            (no gloves)
SInv    .            (boots unavailable)
Will    .....        k - amulet of regeneration
Stlth   ++           (no ring)
HPRegen 1.02/turn    (no ring)
MPRegen 0.10/turn

%: acrobat
@: acrobatic
A: beak, talons 3, acrobatic
a: no special abilities


You were on level 2 of the Dungeon.
You visited 1 branch of the dungeon, and saw 2 of its levels.

You collected 24 gold pieces.

Inventory:

Hand Weapons
 a - a +1 dagger (weapon)
Armour
 b - a +0 robe (worn)
Jewellery
 k - an amulet of regeneration (around neck)
Scrolls
 d - 6 scrolls of identify {unknown}
 e - a scroll of poison {unknown}
 g - 3 scrolls of acquirement {unknown}
 i - a scroll of fear {unknown}
 j - a scroll of amnesia {unknown}
Potions
 c - 2 potions of invisibility
 f - a potion of might {unknown}
 h - a potion of berserk rage {unknown}


   Skills:
 + Level 1.3 Short Blades
 + Level 2.3 Dodging
 + Level 3.1 Stealth
 + Level 2.0 Spellcasting
 + Level 2.4 Hexes


You had 3 spell levels left.
You knew the following spells:

 Your Spells              Type           Power      Damage    Failure   Level
a - Ensorcelled Hibernat  Hex/Ice        10%        N/A       21%         2

Your spell library contained the following spells:

 Spells                   Type           Power      Damage    Failure   Level
 Confusing Touch          Hex            8%         N/A       26%         3
 Tukima's Dance           Hex            8%         N/A       26%         3
 Dazzling Flash           Conj/Hex       10%        N/A       38%         3


Dungeon Overview and Level Annotations

Branches:
Dungeon (2/15)

Altars:


Innate Abilities, Weirdness & Mutations

You have a beak for a mouth.
You have claws for feet.
You can magically evade attacks while moving or waiting.


Message History

j - a scroll labelled PAIWNI KY MIA You see here a +0 hand axe.
A hobgoblin comes into view.
Found 3 gold pieces.
The hobgoblin shouts!
The hobgoblin completely misses you.
You closely miss the hobgoblin. Your kick misses the hobgoblin.
The hobgoblin barely misses you.
You hit the hobgoblin. Your kick misses the hobgoblin.
The hobgoblin is moderately wounded.
The hobgoblin closely misses you.
You hit the hobgoblin.
The hobgoblin is severely wounded.
The hobgoblin closely misses you.
You barely miss the hobgoblin. Your kick misses the hobgoblin.
The hobgoblin is severely wounded.
The hobgoblin hits you.
You hit the hobgoblin.
You kill the hobgoblin!
No target in view!
HP restored.
k - an amulet of regeneration
Okay, then.
You start putting on your amulet.
You continue putting on your amulet of regeneration. x5
You finish putting on your amulet of regeneration.
The amulet throbs as it attunes itself to your uninjured body.
k - an amulet of regeneration (around neck)
You now have 24 gold pieces (gained 3).
You see here a bat corpse.
Done exploring.
Done exploring.
There is a stone staircase leading down here.
You climb downwards.
There is a stone staircase leading up here.
You start memorising the spell.
You continue memorising. x2
You finish memorising.
Spell assigned to 'a'.
An adder comes into view.
Unknown command.
Are you sure you want to abandon this character and quit the game? (Confirm with "yes".)

## .S ##+##
#.###.####...##
.....!.@.....<##
......##.......#
...#. #.........# .
.................
...............###..
......##........# #
#... ##.....#.# ...
##...##.# ##+# ..


You could see an adder (wandering).

Vanquished Creatures
  3 hobgoblins (D:1)
  A quokka (D:1)
  A bat (D:1)
  A frilled lizard (D:1)
  2 rats (D:1)
8 creatures vanquished.

Notes
Turn   | Place    | Note
-------+----------+-------------------------------------------
     0 | D:1      | wildpjah the Tengu Enchanter began the quest for the Orb.
     0 | D:1      | Reached XP level 1. HP: 10/10 MP: 4/4
   312 | D:1      | Reached XP level 2. HP: 15/15 MP: 6/6
   534 | D:2      | Learned a level 2 spell: Ensorcelled Hibernation
   541 | D:2      | Quit the game

Illustrated notes

Levels and vault maps discovered:
D:1:      amcnicky_arrival_double_pillar, layout_rooms, minmay_misc_feat_rows,
          columned_hall_lemuel, nrook_campfire
D:2:      layout_loops_corners

Action                     || total
---------------------------++-------
  Melee: Dagger            ||    16
         Kick              ||     1
         Peck              ||     1
   Stab: Sleeping          ||     1
 Armour: Robe              ||     2
  Dodge: Dodged            ||    12

Table legend: (Time is in decaauts)
 A = Elapsed time spent in this place.
 B = Non-inter-level travel time spent in this place.
 C = Inter-level travel time spent in this place.
 D = Time resting spent in this place.
 E = Time spent auto-exploring this place.
 F = Levels seen in this place.
 G = Mean time per level.
                   A        B        C        D        E       F      G
               +--------+--------+--------+--------+--------+-----+--------+
         Total |    540 |    511 |     29 |      0 |    434 |   2 |  270.0 |
       Dungeon |    540 |    511 |     29 |      0 |    434 |   2 |  270.0 |
               +--------+--------+--------+--------+--------+-----+--------+

Top non-repeatable levels by time:
     D:1: 529 daAuts
     D:2: 10 daAuts
